 Dungeon Crawl Stone Soup version 0.29.1-15-g9cfb28693d (webtiles) character file.

Game seed: 8463387074068525025

38 Heoruswealwe the Magician (level 3, 0/19 HPs)
             Began as a Deep Elf Earth Elementalist on Apr 24, 2023.
             Slain by a wight
             ... wielding a +3 halberd of freezing
             ... created by the anger of Yredelemnul
              (12 damage)
             ... on level 2 of the Dungeon.
             The game lasted 00:13:45 (1142 turns).

Heoruswealwe the Magician (DEEE)                    Turns: 1142, Time: 00:13:46

Health: 0/19       AC:  2    Str:  5    XL:     3   Next: 25%
Magic:  8/10       EV: 12    Int: 21    God:
Gold:   88         SH:  0    Dex: 15    Spells: 4/10 levels left

rFire   . . .      SeeInvis +   (no weapon)
rCold   + . .      Faith    .   (no shield)
rNeg    . . .      Spirit   .   c - +0 robe
rPois   .          Reflect  .   (no helmet)
rElec   .          Harm     .   (no cloak)
rCorr   .          Rampage  .   (no gloves)
Will    .....                   (no boots)
Stlth   ++........              i - amulet of the acrobat
HPRegen 0.06/turn               k - ring of protection from cold
MPRegen 0.12/turn               j - ring of see invisible

@: no status effects
A: no striking features
a: no special abilities


You were on level 2 of the Dungeon.
You visited 1 branch of the dungeon, and saw 2 of its levels.

You collected 88 gold pieces.

Inventory:

Armour
 c - a +0 robe (worn)
 p - a +0 robe
 r - a +0 robe
Jewellery
 i - an amulet of the acrobat (around neck)
 j - a ring of see invisible (right hand)
 k - a ring of protection from cold (left hand)
Scrolls
 e - 3 scrolls of vulnerability {unknown}
 g - 4 scrolls of teleportation {unknown}
 m - a scroll of brand weapon {unknown}
 n - a scroll of magic mapping {unknown}
 q - a scroll of summoning {unknown}
 s - 2 scrolls of poison {unknown}
 t - a scroll of enchant armour {unknown}
 u - a scroll of identify {unknown}
 v - a scroll of silence {unknown}
Potions
 a - a potion of attraction {unknown}
 b - a potion of magic
 d - a potion of curing {unknown}
 f - a potion of ambrosia {unknown}
 h - a potion of berserk rage {unknown}
 l - 2 potions of heal wounds {unknown}
 o - 2 potions of haste {unknown}


   Skills:
 - Level 2.4 Dodging
 - Level 2.4 Stealth
 + Level 4.2 Spellcasting
 - Level 1.1 Transmutations
 + Level 4.1 Earth Magic


You had 4 spell levels left.
You knew the following spells:

 Your Spells              Type           Power      Damage    Failure   Level
a - Sandblast             Erth           42%        2d11      2%          1
b - Stone Arrow           Conj/Erth      26%        3d8       16%         3
z - Passwall              Tmut/Erth      12%        N/A       6%          2

Your spell library contained the following spells:

 Spells                   Type           Power      Damage    Failure   Level
 Static Discharge         Conj/Air       4%         3-4/arc   19%         2
 Petrify                  Tmut/Erth      15%        N/A       36%         4
 Dispel Undead            Necr           4%         3d7       75%         4
 Sticky Flame             Conj/Fire      4%         2d3       75%         4


Dungeon Overview and Level Annotations

Branches:
Dungeon (2/15)

Altars:
Nemelex Xobeh


Message History

You kill the goblin!
You see here a +0 dagger.
Found a scroll labelled QEZXEZ XINEASK.
t - a scroll labelled QEZXEZ XINEASK
Found a whip and a scroll labelled TEPPEKHL TORY.
A rat comes into view.
The blast of sand misses the rat.
The blast of sand hits the rat!
You kill the rat!
You see here a +0 whip.
u - a scroll labelled TEPPEKHL TORY
Found 9 stones.
You see here 9 stones.
A frilled lizard comes into view.
Found a scroll labelled FESKOO BEOPOSTO.
The frilled lizard hisses angrily.
You can't see any susceptible monsters within range! (Use Z to cast anyway.)
The blast of sand hits the frilled lizard!
You kill the frilled lizard!
You see here a frilled lizard corpse.
v - a scroll labelled FESKOO BEOPOSTO Nemelex Xobeh makes you draw from the deck of Punishment.
You draw a card...
You have drawn Wrath.
Yredelemnul sends a servant to punish you.
The divine experience confuses you!
You are confused.
A wight comes into view.
It is wielding a +3 halberd of freezing.
You're too confused to move!
The wight completely misses you. The wight completely misses you.
You bump into the rock wall.
You feel less confused. The wight barely misses you.
The blast of sand hits the wight but does no damage.
The wight hits you from afar with a +3 halberd of freezing.
The wight freezes you.
The blast of sand hits the wight.
The wight is lightly damaged.
The wight hits you from afar with a +3 halberd of freezing!
Ouch! That really hurt!
You die...

###.####).....#.......#
....#....####.#.......#
#####.......#.#.####..#####
#...†##........†......#
##.#......#.####..###.#
#.########.####..# #.# #.#
#...)...###.### #.#
###########.....# ######.#
#...@.# #.#.#.#
....##.######.....# #.#...#
..............z...# #.##..#
....#>..#####.....# #.##..#
#####...# #.....# #.....#
#...# ####### ##.#### #...#
#.# #.### #.# #.#
############ #)#


You could see a wight.

Vanquished Creatures
  A worm (D:2)
  7 ball pythons
  8 endoplasms
  2 goblins
  2 hobgoblins (D:2)
  2 quokkas (D:1)
  2 bats (D:2)
  2 frilled lizards (D:2)
  2 kobolds (D:2)
  4 rats
32 creatures vanquished.

Notes
Turn   | Place    | Note
-------+----------+-------------------------------------------
     0 | D:1      | Heoruswealwe the Deep Elf Earth Elementalist began the
                  | quest for the Orb.
     0 | D:1      | Reached XP level 1. HP: 10/10 MP: 6/6
   222 | D:1      | Reached XP level 2. HP: 15/15 MP: 5/8
   225 | D:1      | Learned a level 2 spell: Passwall
   550 | D:2      | Found a faded altar of an unknown god.
   825 | D:2      | Reached XP level 3. HP: 19/19 MP: 8/10
   829 | D:2      | Learned a level 3 spell: Stone Arrow
   896 | D:2      | Prayed at the altar of an unknown god.
   896 | D:2      | Became a worshipper of Nemelex Xobeh the Trickster
   896 | D:2      | Reached * piety under Nemelex Xobeh
   897 | D:2      | Fell from the grace of Nemelex Xobeh
  1135 | D:2      | Noticed a wight
  1142 | D:2      | Slain by a wight

Illustrated notes

Levels and vault maps discovered:
D:1:      minmay_arrival_checkered_box, layout_basic
D:2:      layout_loops_cross, hellmonk_ecumenical_altar_pennies_from_heaven

Skill      XL: |  1  2 |
---------------+-------+-----
Spellcasting   | 4 |  4.2
Earth Magic    | 4 |  4.1
Dodging        | |  2.4
Stealth        | |  2.4
Transmutations | |  1.1

Action                   || total
-------------------------++-------
 Cast: Sandblast         ||    44
       Passwall          ||     1
Invok: Renounce Religion ||     1
Armor: Robe              ||     1
Dodge: Dodged            ||     9
